 Dungeon Crawl Stone Soup version 0.32-a0-12-g7fc57aa741 (webtiles) character file.

Game seed: 9957935141316399824

3316 Pi314 the Firebug (level 9, 0/71 HPs)
             Began as a Pale Draconian Fire Elementalist on Jan 15, 2024.
             Was a Follower of Sif Muna.
             Slain by a +2 dagger of chaos (10 damage)
             ... on level 8 of the Dungeon.
             The game lasted 00:11:46 (7507 turns).

Pi314 the Firebug (DrFE)                            Turns: 7507, Time: 00:11:47

Health: 0/71       AC:  9    Str: 10    XL:     9   Next: 71%
Magic:  12/17      EV: 13    Int: 26    God:    Sif Muna [*.....]
Gold:   1333       SH:  0    Dex: 12    Spells: 4/18 levels left

rFire   + . .        b - staff of conjuration
rCold   + . .        (no shield)
rNeg    . . .        (body armour unavailable)
rPois   +            (helmet restricted)
rElec   +            l - +0 cloak
rCorr   +            i - +0 pair of gloves
SInv    .            (no boots)
Will    .....        D - amulet of regeneration
Stlth   ++           h - ring of wizardry
HPRegen 1.11/turn    k - +6 ring of intelligence
MPRegen 0.15/turn

%: wizardry (x1)
@: mighty, lethally poisoned (0 -> 0), resistant, weak-willed, slowed, very slow
A: breathe steam, AC +7, unfitting armour, cold-blooded, steam resistance
a: Breathe Steam, Renounce Religion, Channel Magic


You were on level 8 of the Dungeon.
You worshipped Sif Muna.
Sif Muna was aware of your devotion.
You visited 2 branches of the dungeon, and saw 9 of its levels.
You also visited: Sewer.

You collected 1333 gold pieces.

Inventory:

Hand Weapons
 a - the +6 shillelagh "Devastator" {shatter}
   (You found it on level 3 of the Dungeon)
Armour
 i - a +0 pair of gloves (worn)
 l - a +0 cloak (worn)
Magical Staves
 b - a staff of conjuration (weapon)
Jewellery
 h - a ring of wizardry (left hand)
 k - a +6 ring of intelligence (right hand)
 D - an amulet of regeneration (around neck)
 E - a ring of see invisible
Wands
 c - a wand of polymorph (21)
Scrolls
 d - a scroll of poison {unknown}
 e - 3 scrolls of revelation {unknown}
 f - 5 scrolls of teleportation
 g - 2 scrolls of fear {unknown}
 o - a scroll of summoning
 q - 2 scrolls of enchant weapon {unknown}
 r - 2 scrolls of blinking {unknown}
 w - a scroll of vulnerability {unknown}
 y - 2 scrolls of amnesia
 B - a scroll of enchant armour
 F - 3 scrolls of fog
Potions
 j - a potion of mutation {unknown}
 m - 3 potions of curing
 n - 2 potions of brilliance {unknown}
 p - a potion of haste {unknown}
 t - 4 potions of magic
 u - a potion of resistance {unknown}
 v - a potion of might
 z - a potion of lignification {unknown}
 A - a potion of attraction
 C - a potion of degeneration
 G - a potion of enlightenment {unknown}


   Skills:
 + Level 4.2 Fighting
 - Level 0.2 Maces & Flails
 + Level 3.7 Dodging
 - Level 1.7 Stealth
 + Level 5.4 Spellcasting
 + Level 5.7 Conjurations
 - Level 4.0 Hexes
 + Level 2.8 Translocations
 + Level 6.9 Fire Magic
 + Level 4.0 Invocations
 + Level 4.3 Evocations


You had 4 spell levels left.
You knew the following spells:

 Your Spells              Type           Power      Damage    Failure   Level
a - Foxfire               Conj/Fire      100%       2x1d9     1%          1
b - Scorch                Fire           86%        2d8       1%          2
c - Inner Flame           Hex/Fire       35%        N/A       1%          3
d - Flame Wave            Conj/Fire      56%        2d13      2%          4
e - Iskenderun's Mystic   Conj/Tloc      43%        2d10      5%          4

Your spell library contained the following spells:

 Spells                   Type           Power      Damage    Failure   Level
 Tukima's Dance           Hex            27%        N/A       1%          3
 Volatile Blastmotes      Fire/Tloc      64%        2d15      1%          3
 Hailstorm                Conj/Ice       32%        3d8       2%          3
 Dimensional Bullseye     Hex/Tloc       12%        N/A       8%          4
 Summon Ice Beast         Ice/Summ       7%         N/A       9%          3
 Sculpt Simulacrum        Ice/Alch       3%         N/A       98%         6
 Summon Cactus Giant      Summ           3%         N/A       98%         6
 Malign Gateway           Summ/Tloc      7%         N/A       100%        7
 Summon Horrible Things   Summ           3%         N/A       100%        8


Dungeon Overview and Level Annotations

Branches:
Dungeon (8/15)             Temple (1/1) D:4           Sewer (visited)
   Lair: D:8-11

Altars:
Ashenzari
Dithmenos
Elyvilon
Fedhas
Hepliaklqana
Kikubaaqudgha
Makhleb
Nemelex Xobeh
Okawaru
Qazlal
Ru
Sif Muna
Trog
Uskayaw
Wu Jian
Xom
Yredelemnul

Shops:
D:1 (   D:5 :


Innate Abilities, Weirdness & Mutations

You can breathe blasts of scalding, opaque steam.
Your pale cyan-grey scales are hard. (AC +7)
You cannot fit into any form of body armour.
You are cold-blooded and may be slowed by cold attacks.
You are immune to the effects of steam.


Message History

The +2 dagger of chaos hits you but does no damage.
You are poisoned.
Casting: Flame Wave (dangerous; 2% risk of failure)
Confirm with . or Enter, or press ? or * to list all spells.
Casting: Flame Wave (dangerous; 2% risk of failure)
Press: ? - help, Dir - look around, f - activate You feel a surge of power!
A wave of flame ripples out!
The flame wave engulfs the +2 dagger of chaos but does no damage.
The +2 dagger of chaos is lightly damaged. (Press . to intensify the flame waves.)
You feel sick.
The +2 dagger of chaos closely misses you.
The +2 dagger of chaos hits you but does no damage.
You feel yourself slow down.
A wave of flame ripples out!
The flame wave engulfs the +2 dagger of chaos.
The +2 dagger of chaos resists.
The +2 dagger of chaos is lightly damaged.
The flame wave engulfs t4s4d4r's ghost!!
You destroy t4s4d4r's ghost!
Sif Muna accepts your kill.
You feel sick.
The +2 dagger of chaos hits you but does no damage.
You feel very mighty all of a sudden. The +2 dagger of chaos hits you.
* * * LOW HITPOINT WARNING * * *
Your willpower is stripped away!
The +2 dagger of chaos hits you but does no damage.
Your Invocations skill increases to level 4!
Press: ? - help, v - describe, . - travel
Here: a +2 dagger of chaos An open translucent door.
A wave of flame ripples out!
The flame wave engulfs the +2 dagger of chaos.
The +2 dagger of chaos resists.
The +2 dagger of chaos is lightly damaged.
You finish channelling waves of flame.
You feel sick.
The +2 dagger of chaos barely misses you.
The +2 dagger of chaos hits you!
You die...

###....#.........##...........#
###........###..............#
#.##......##.##...........#
#.##.#..#.....#####.#####..
#.#..##...#......##.## ###
#...###..............######
#.### #.##.......#.#....... #.#
#.#..###...#........# #.#
#.#.@#.##..#......... #.#
#....(_.#..#...)).... #.#
###..#$###..........# ###
#..### ##.....=.... ####
###.......# #.......# #.......#
#.......# #########


You could see a +2 dagger of chaos.

Vanquished Creatures
  The ghost of bmj180 the Destroyer, a novice HuCj (D:7)
  The ghost of t4s4d4r the Skirmisher, a novice BaHu (D:8)
  A steam dragon (D:8)
  An acid dragon (D:8)
  A water moccasin (D:8)
  3 ice beasts
  2 black bears
  An ogre (D:4)
  A centaur (D:8)
  2 phantoms
  2 brain worms (Sewer)
  4 bullfrogs
  2 scorpions
  2 howler monkeys
  2 orc priests
  A bombardier beetle (D:3)
  Crazy Yiuf (D:3)
  3 hounds (D:5)
  A sleepcap (D:5)
  Natasha (thrice) (D:3)
  8 iguanas
  3 orc wizards
  10 adders
  2 river rats (Sewer)
  2 shadow imps
  A white imp (D:6)
  A dart slug (D:4)
  7 ribbon worms
  13 orcs
  4 bats
  12 endoplasms
  5 giant cockroaches
  8 goblins
  3 hobgoblins
  3 jackals (D:1)
  4 kobolds
  A quokka (D:3)
  10 ball pythons
  8 frilled lizards
  9 rats
149 creatures vanquished.

Vanquished Creatures (others)
  373 foxfires
373 creatures vanquished.

Grand Total: 522 creatures vanquished

Notes
Turn   | Place    | Note
-------+----------+-------------------------------------------
     0 | D:1      | Pi314 the Draconian Fire Elementalist began the quest for
                  | the Orb.
     0 | D:1      | Reached XP level 1. HP: 14/14 MP: 3/3
   132 | D:1      | Reached XP level 2. HP: 12/22 MP: 1/5
   133 | D:1      | Found Esafibb's Antique Weapon Shoppe.
   493 | D:1      | Reached skill level 1 in Fighting
   579 | D:1      | Learned a level 2 spell: Scorch
   752 | D:1      | Reached XP level 3. HP: 28/28 MP: 1/6
   945 | D:1      | Learned a level 3 spell: Inner Flame
  1835 | D:3      | Reached XP level 4. HP: 35/35 MP: 3/7
  1835 | D:3      | Noticed Natasha
  1841 | D:3      | Killed Natasha
  1863 | D:3      | Reached skill level 1 in Hexes
  1944 | D:3      | Found a glowing drain.
  1948 | Sewer    | Entered a sewer
  2103 | Sewer    | Noticed a brain worm
  2106 | Sewer    | Reached XP level 5. HP: 35/41 MP: 4/9
  2114 | Sewer    | Learned a level 4 spell: Flame Wave
  2211 | Sewer    | Reached skill level 4 in Fire Magic
  2443 | Sewer    | Reached XP level 6. HP: 48/48 MP: 2/10
  2737 | D:3      | Noticed Natasha
  2743 | D:3      | Killed Natasha
  2892 | D:3      | Found the +6 shillelagh "Devastator" {shatter}
  2929 | D:3      | Noticed Natasha
  2931 | D:3      | Killed Natasha
  3339 | D:3      | Found Desizaan's Weapon Emporium.
  3435 | D:3      | Found a runed translucent door.
  3436 | D:3      | Noticed Crazy Yiuf
  3445 | D:3      | Killed Crazy Yiuf
  3685 | D:4      | Your scales start taking on a pale cyan-grey colour.
  3685 | D:4      | Reached skill level 5 in Fire Magic
  3685 | D:4      | Reached XP level 7. HP: 55/55 MP: 4/12
  3685 | D:4      | Gained mutation: You are immune to the effects of steam.
                  | [Pale Draconian growth]
  3802 | D:4      | Found a bloodstained altar of Trog.
  3883 | D:4      | Reached skill level 1 in Evocations
  4164 | D:4      | Found an ornate altar of the Wu Jian Council.
  4208 | D:4      | Found a staircase to the Ecumenical Temple.
  4230 | Temple   | Entered the Ecumenical Temple
  4240 | Temple   | Became a worshipper of Sif Muna the Loreminder
  4416 | D:5      | Entered Level 5 of the Dungeon
  4447 | D:5      | Reached skill level 1 in Invocations
  4552 | D:5      | Found a sacrificial altar of Ru.
  4565 | D:5      | Found Qir Dunn's Book Shop.
  4568 | D:5      | Found a blossoming altar of Fedhas.
  4905 | D:5      | Reached XP level 8. HP: 61/61 MP: 8/14
  5435 | D:6      | Reached skill level 6 in Fire Magic
  5745 | D:6      | Learned a level 4 spell: Iskenderun's Mystic Blast
  6148 | D:7      | Found a runed translucent door.
  6149 | D:7      | Noticed bmj180's ghost (novice HuCj)
  6166 | D:7      | Killed bmj180's ghost
  6167 | D:7      | Reached skill level 5 in Conjurations
  6167 | D:7      | Reached skill level 1 in Translocations
  6167 | D:7      | Reached XP level 9. HP: 24/70 MP: 1/16
  6406 | D:7      | Reached skill level 5 in Spellcasting
  6677 | D:7      | Found an ancient bone altar of Kikubaaqudgha.
  6701 | D:7      | Found a sparkling altar of Nemelex Xobeh.
  6897 | D:8      | Identified a scroll of acquirement
  6902 | D:8      | Acquired 918 gold pieces
  7026 | D:8      | Found a runed translucent door.
  7026 | D:8      | Found a shimmering altar of Xom.
  7026 | D:8      | Noticed t4s4d4r's ghost (novice BaHu)
  7027 | D:8      | Noticed a +2 dagger of chaos
  7088 | D:8      | Reached * piety under Sif Muna
  7506 | D:8      | Killed t4s4d4r's ghost
  7507 | D:8      | Slain by a +2 dagger of chaos

Illustrated notes

Levels and vault maps discovered:
D:1:      dpeg_arrival_rooms_b, layout_rooms, serial_shops, shop
D:2:      layout_basic
D:3:      layout_rooms, serial_glass, glass_columns_c, glass_columns_a,
          mainiacjoe_sewer_entry_somewhere_in_here_2, serial_shops, shop,
          corexii_hall_statues_deadend, minmay_misc_feat_x,
          nicolae_figureground_pulse, uniq_crazy_yiuf_cottage, uniq_natasha
D:4:      layout_basic, mainiacjoe_overflow_catwalk,
          lemuel_coloured_pillars_altar, minmay_temple_entry_nine_rooms,
          dreamdust_mushroom_princess, abandoned_shop, minmay_misc_feat_iff
D:5:      layout_cave_pools, nicolae_overflow_hidden_temple,
          nicolae_ru_awakened_eye, serial_shops, shop, nicolae_wormholes
D:6:      layout_cave_pools, hangedman_decor_opposing
D:7:      layout_loops_cross, mainiacjoe_overflow_boulevard,
          kennysheep_little_box, ebering_ghost_reflecting_pool
D:8:      layout_rooms, ebering_ghost_xom
Temple:   jpeg_temple_clearing

Skill      XL: |  1  2  3  4  5  6  7  8  9 |
---------------+----------------------------+-----
Dodging        | 2 3 |  3.7
Fighting       | 1 2 3 4 |  4.2
Conjurations   | 2 3 4 5 |  5.7
Hexes          | 1 2 3 4 |  4.0
Spellcasting   | 3 4 5 |  5.4
Fire Magic     | 4 5 6 |  6.9
Evocations     | 2 3 4 |  4.3
Invocations    | 1 3 4 |  4.0
Translocations | 1 2 |  2.8
Maces & Flails | |  0.2
Stealth        | |  1.7

Action                     |  1- 3 |  4- 6 |  7- 9 || total
---------------------------+-------+-------+-------++-------
  Melee: Flail             |    32 |    19 |       ||    51
         Tailslap          |     4 |       |     2 ||     6
         Shillelagh        |       |    11 |    22 ||    33
         Staff             |       |       |     3 ||     3
   Cast: Foxfire           |    49 |    63 |   111 ||   223
         Scorch            |     9 |    23 |    37 ||    69
         Inner Flame       |       |     1 |     1 ||     2
         Flame Wave        |       |       |     4 ||     4
Ability: Breathe Steam     |       |       |     4 ||     4
    Use: Scroll            |     1 |     1 |     9 ||    11
         Potion            |       |       |     2 ||     2
 Armour: Skin              |    19 |    18 |    53 ||    90
  Dodge: Dodged            |    21 |    27 |    24 ||    72

Table legend: (Time is in decaauts)
 A = Elapsed time spent in this place.
 B = Non-inter-level travel time spent in this place.
 C = Inter-level travel time spent in this place.
 D = Time resting spent in this place.
 E = Time spent auto-exploring this place.
 F = Levels seen in this place.
 G = Mean time per level.
                   A        B        C        D        E       F      G
               +--------+--------+--------+--------+--------+-----+--------+
         Total |   7591 |   7461 |    130 |      0 |   6356 |  10 |  759.1 |
       Dungeon |   6864 |   6752 |    112 |      0 |   5763 |   8 |  858.0 |
        Temple |     20 |      2 |     18 |      0 |      0 |   1 |   20.0 |
         Sewer |    706 |    706 |      0 |      0 |    593 |   1 |  706.0 |
               +--------+--------+--------+--------+--------+-----+--------+

Top non-repeatable levels by time:
     D:3: 1151 daAuts
     D:5: 963 daAuts
     D:1: 955 daAuts
     D:2: 846 daAuts
     D:7: 821 daAuts
     D:4: 815 daAuts
   Sewer: 706 daAuts
     D:6: 672 daAuts
     D:8: 638 daAuts
  Temple: 20 daAuts
